 Dungeon Sprint DCSS version 0.26.1-11-gd32895ea62 (webtiles) character file.

Game seed: 13384389881280983215

11678 Zeld the Hoplite (level 11, -15/132 HPs)
             Began as a Deep Dwarf Monk on June 15, 2021.
             Was the Champion of Makhleb.
             Demolished by an apis (27 damage)
             ... in the Dungeon (Sprint V: "Ziggurat Sprint").
             The game lasted 00:04:13 (4322 turns).

Zeld the Hoplite (Deep Dwarf Monk)                  Turns: 4322, Time: 00:04:13

Health: -15/132    AC: 21    Str: 30    XL:     11   Next: 52%
Magic:  7/7        EV:  5    Int: 11    God:    Makhleb [******]
Gold:   0          SH: 33    Dex: 15    Spells: 10/10 levels left

rFire    + . .     SeeInvis +   a - +14 obsidian axe {vorpal, +Fly SInv *Curse} (curse)
rCold    + . .     Faith    .   i - +3 tower shield
rNeg     . . .     Spirit   .   s - +9 scales of the Dragon King {rPois rF+ rC+ Will+}
rPois    +         Reflect  +   (no helmet)
rElec    .         Harm     .   (no cloak)
rCorr    .         Rampage  .   (no gloves)
Will     ++...     NoTele   +   (no boots)
Stlth    ..........             B - amulet of reflection
HPRegen  0.00/turn              k - +6 ring of strength
MPRegen  0.10/turn              l - +6 ring of strength

@: berserking, mesmerised, non-regenerating, glowing, very quick
A: damage resistance, heal wounds, sense surroundings 2, no regeneration
a: Heal Wounds, Renounce Religion, Evoke Flight, Minor Destruction, Lesser
Servant of Makhleb, Major Destruction, Greater Servant of Makhleb


You were in the Dungeon.
You worshipped Makhleb.
Makhleb was exalted by your worship.
You visited 1 branch

Inventory:

Hand Weapons
 a - the cursed +14 obsidian axe (weapon) {vorpal, +Fly SInv *Curse}
   (You found it in the Dungeon)

   It inflicts extra damage upon your enemies.
   It lets you see invisible.
   It lets you fly.
   It curses itself when equipped.
   It has a curse placed upon it.
Armour
 i - a +3 tower shield (worn)
 s - the +9 scales of the Dragon King (worn) {rPois rF+ rC+ Will+}
   (You found it in the Dungeon)

   It protects you from fire.
   It protects you from cold.
   It protects you from poison.
   It affects your willpower, your defense against some magical effects.
Jewellery
 k - a +6 ring of strength (left hand)
 l - a +6 ring of strength (right hand)
 B - an amulet of reflection (around neck)
Wands
 m - a wand of disintegration (7)
 n - a wand of iceblast (7)
 o - a wand of acid (7)
Scrolls
 g - 4 scrolls of blinking
 h - a scroll of brand weapon
 u - 4 scrolls of amnesia
 v - 7 scrolls of fog
 w - a scroll of holy word
 x - 5 scrolls of identify
 y - 5 scrolls of remove curse
 z - 2 scrolls of fear
Potions
 b - 10 potions of curing
 c - 4 potions of heal wounds
 d - 6 potions of haste
 e - 7 potions of magic
 p - 2 potions of brilliance
 q - 2 potions of invisibility
 r - 4 potions of resistance
 t - 5 potions of might
Miscellaneous
 j - a lightning rod (4/4)
 A - a box of beasts
 C - a condenser vane


   Skills:
 - Level 2.6 Fighting
 - Level 20.0 Axes
 - Level 3.2 Dodging
 - Level 2.4 Stealth
 * Level 21.0 Shields
 - Level 2.6 Unarmed Combat


You had 10 spell levels left.
You didn't know any spells.
Your spell library was empty.

Dungeon Overview and Level Annotations

Branches:
Dungeon (1/1)

Altars:
Ashenzari
Cheibriados
Dithmenos
Elyvilon
Fedhas
Gozag
Hepliaklqana
Kikubaaqudgha
Makhleb
Nemelex Xobeh
Okawaru
Qazlal
Ru
Sif Muna
Trog
Uskayaw
Vehumet
Wu Jian
Xom
Yredelemnul
Zin
The Shining One
Beogh
Jiyva
Lugonu

Annotations:
D 1 transporter


Innate Abilities, Weirdness & Mutations

You are resistant to damage.
You can heal yourself by infusing magical energy.
You passively map the area around you.
You do not regenerate.


Message History

The daeva blocks your attack.
You slash the apis! You slash the pearl dragon! You open a gate to Pandemonium!
A demon appears!
You slice the apis!! You completely miss the apis.
The cherub blocks your attack.
Visions of slaying the apis flood into your mind.
You are engulfed in blessed fire.
* * * LOW HITPOINT WARNING * * *
You block the daeva's attack. The daeva completely misses you.
You block the apis's attack.
Unknown command.
You slash the daeva!
The daeva is lightly wounded.
The cherub blocks your attack.
You slash the apis! You open a gate to Pandemonium!
A demon appears!
You slice the apis!! You closely miss the pearl dragon. You slash the apis!
Visions of slaying the apis flood into your mind.
You are engulfed in blessed fire.
You block the pearl dragon's attack. x2
The apis gores you!!
* * * LOW HITPOINT WARNING * * *
The apis gores you!!
You die...

,, ,* , ▓....©....▓ ,
▓▓▓▓▓▓▓▓▓▓▓▓▓▓▓▓▓▓▓▓▓▓▓
,,
▓...8©8...▓...8©8...▓.. *
, ▓..):[=:}.▓..".}}}..▓..
,,, ,
▓..()=)"..▓...[:|}..▓..
,,
▓..(......▓.........▓..
,, ,
▓.........▓.........▓.. *
**
▓....YD...▓...=.....▓.. 8
88
88▓...4Y@Y..▓...).÷...▓..
, , ,
▓....AA§..▓...|.)...▓.▓ ,
© ,
▓.▓...3.▓.▓.▓.....▓.▓.. ,
, ▓....©....▓....©....▓▓▓
8 88
▓▓▓▓▓▓▓▓▓▓▓▓▓▓▓▓▓▓▓▓▓* *
* * * ** * * ,, , 8, , ,
, ,, , , , , , , , , ,, ,
,, , , ,,


You could see 3 apis, a daeva (strong), a pearl dragon (catching breath), a
cherub, a friendly hellwing (summoned) and a friendly ynoxinul (summoned).

Vanquished Creatures
  A bone dragon (D)
  A mummy priest (D)
  2 spriggan air magi (D)
  A two-headed ogre (D)
  2 spriggan berserkers (D)
  A wretched star (D)
  A cyclops (D)
  An elephant (D)
  2 black mambas (D)
  A guardian mummy (D)
  A troll (D)
  A polar bear (D)
  A wyvern (D)
  2 fire elementals (D)
  A naga (D)
  4 water moccasins (D)
  2 hell hounds (D)
  4 phantoms (D)
  3 ogres (D)
  5 starcursed masses (D)
  3 scorpions (D)
  6 crimson imps (D)
  3 iron imps (D)
  2 quasits (D)
  An orc priest (D)
  2 mummies (D)
  3 adders (D)
  A shadow imp (D)
  3 white imps (D)
  2 ufetubi (D)
  An orc (D)
  A jackal zombie (D)
  A quokka skeleton (D)
  A fire vortex (D)
67 creatures vanquished.

Vanquished Creatures (collateral kills)
  2 starcursed masses (D)
  An adder skeleton (D)
3 creatures vanquished.

Grand Total: 70 creatures vanquished

Notes
Turn   | Place    | Note
-------+----------+-------------------------------------------
     0 | D        | Zeld the Deep Dwarf Monk began the quest for the Orb.
     0 | D        | Reached XP level 1. HP: 20/20 MP: 1/1
     3 | D        | Found a blossoming altar of Fedhas.
     4 | D        | Found the +6 Majin-Bo {vamp, MP+6 Int+6}
     4 | D        | Found the +9 heavy crossbow "Sniper" {vorpal, Acc+∞ SInv}
     4 | D        | Found the +10 dark maul {vorpal}
     4 | D        | Found the +15 Maxwell's patent armour {-Cast -Tele rElec
                  | Will+ rCorr}
     4 | D        | Found the +18 shield of the Gong {rElec rN+ Will+ EV-5}
     4 | D        | Found the cursed +14 obsidian axe {vorpal, +Fly SInv
                  | *Curse}
     4 | D        | Found the +7 great mace "Firestarter" {inner flame, rF++}
     4 | D        | Found the +6 shillelagh "Devastator" {shatter}
     4 | D        | Found the +11 plutonium sword {*Contam Stlth-}
     4 | D        | Found the +8 lance "Wyrmbane" {slay drac, rPois rF+ rC+
                  | AC+3}
     4 | D        | Found the +9 sword of Zonguldrok {reap}
     4 | D        | Found the cursed +13 scythe of Curses {drain, *Curse}
     4 | D        | Found the +5 sword of Power {vorpal}
     4 | D        | Found the +7 mace of Variability {chain chaos}
     4 | D        | Found the +7 Singing Sword {vorpal, sonic wave}
     4 | D        | Found the +8 storm bow {elec, penet}
     5 | D        | Found a viscous altar of Jiyva.
     5 | D        | Found a hazy altar of Hepliaklqana.
     5 | D        | Found a transporter.
     5 | D        | Found an opulent altar of Gozag.
     5 | D        | Found an ancient bone altar of Kikubaaqudgha.
     5 | D        | Found a corrupted altar of Lugonu.
    15 | D        | Found a burning altar of Makhleb.
    28 | D        | Found a stormy altar of Qazlal.
    28 | D        | Found a sacrificial altar of Ru.
    28 | D        | Found an iron altar of Okawaru.
    28 | D        | Found a shimmering blue altar of Sif Muna.
    28 | D        | Found a sparkling altar of Nemelex Xobeh.
    28 | D        | Found a bloodstained altar of Trog.
    88 | D        | Became a worshipper of Makhleb the Destroyer
    88 | D        | Reached * piety under Makhleb
    88 | D        | Reached ** piety under Makhleb
    90 | D        | Reached skill level 5 in Axes
    90 | D        | Reached skill level 5 in Shields
    90 | D        | Reached XP level 2. HP: 27/27 MP: 2/2
   102 | D        | Entered arena 2.
   102 | D        | Found a transporter.
   105 | D        | Reached skill level 6 in Shields
   105 | D        | Reached XP level 3. HP: 33/33 MP: 3/3
   443 | D        | Entered arena 3.
   443 | D        | Noticed a scorpion
   443 | D        | Noticed a scorpion
   443 | D        | Noticed a scorpion
   443 | D        | Found a transporter.
   444 | D        | Found the +9 scales of the Dragon King {rPois rF+ rC+
                  | Will+}
   447 | D        | Killed a scorpion
   447 | D        | Killed a scorpion
   448 | D        | Reached skill level 8 in Shields
   448 | D        | Reached XP level 4. HP: 37/40 MP: 4/4
   448 | D        | Reached *** piety under Makhleb
   449 | D        | Reached skill level 9 in Shields
   449 | D        | Reached XP level 5. HP: 43/46 MP: 5/5
  1027 | D        | Entered arena 4.
  1027 | D        | Noticed a phantom
  1027 | D        | Noticed a phantom
  1027 | D        | Noticed a phantom
  1027 | D        | Noticed a phantom
  1027 | D        | Found a transporter.
  1032 | D        | Killed a phantom
  1033 | D        | Reached skill level 10 in Axes
  1033 | D        | Reached skill level 10 in Shields
  1036 | D        | Killed a phantom
  1036 | D        | Killed a phantom
  1037 | D        | Reached skill level 11 in Shields
  1037 | D        | Reached XP level 6. HP: 55/55 MP: 6/6
  1038 | D        | Reached **** piety under Makhleb
  1039 | D        | Reached XP level 7. HP: 61/61 MP: 7/7
  1512 | D        | Entered arena 5.
  1512 | D        | Noticed a bone dragon
  1512 | D        | Found a transporter.
  1539 | D        | Killed a bone dragon
  1539 | D        | Reached ***** piety under Makhleb
  1540 | D        | Reached skill level 16 in Shields
  1540 | D        | Reached XP level 8. HP: 61/68 MP: 7/7
  1540 | D        | Gained mutation: You passively map the area around you.
                  | [Deep Dwarf growth]
  1540 | D        | Reached XP level 9. HP: 66/74 MP: 8/8
  2009 | D        | Entered arena 6.
  2009 | D        | Found a transporter.
  2187 | D        | Entered arena 7.
  2187 | D        | Noticed a guardian mummy
  2187 | D        | Noticed a mummy priest
  2188 | D        | Found a transporter.
  2192 | D        | Killed a guardian mummy
  2194 | D        | Reached XP level 10. HP: 77/81 MP: 9/9
  2194 | D        | Killed a mummy priest
  2195 | D        | Reached skill level 17 in Shields
  2327 | D        | Entered arena 8.
  2327 | D        | Noticed a two-headed ogre
  2327 | D        | Noticed a cyclops
  2328 | D        | Found a transporter.
  2331 | D        | Killed a two-headed ogre
  2331 | D        | Reached ****** piety under Makhleb
  2334 | D        | Reached skill level 18 in Shields
  2336 | D        | Killed a cyclops
  2508 | D        | Got the amulet "Caututedgh" {Inacc Str-3 Int+8 Dex+5}
  2790 | D        | Entered arena 9.
  2790 | D        | Noticed a black mamba
  2791 | D        | Found a transporter.
  2795 | D        | Killed a black mamba
  2959 | D        | Entered arena 10.
  2959 | D        | Noticed a starcursed mass
  2960 | D        | Found a transporter.
  2970 | D        | Killed a starcursed mass
  2970 | D        | Killed a starcursed mass
  2970 | D        | Killed a starcursed mass
  3429 | D        | Entered arena 11.
  3429 | D        | Noticed a wretched star
  3430 | D        | Found a transporter.
  3439 | D        | Reached skill level 19 in Shields
  3447 | D        | Killed a wretched star
  3448 | D        | Reached XP level 11. HP: 81/88 MP: 6/8
  3879 | D        | Entered arena 12.
  3879 | D        | Noticed a spriggan air mage
  3879 | D        | Noticed a spriggan berserker
  3879 | D        | Noticed a spriggan air mage
  3879 | D        | Noticed a spriggan berserker
  3881 | D        | Found a transporter.
  3888 | D        | Killed a spriggan air mage
  3888 | D        | Killed a spriggan air mage
  3891 | D        | Killed a spriggan berserker
  3892 | D        | Reached skill level 20 in Shields
  3897 | D        | Killed a spriggan berserker
  3898 | D        | Reached skill level 21 in Shields
  4172 | D        | Got the ring of Esmo {Ice *Drain rPois Int+5}
  4303 | D        | Entered arena 13.
  4303 | D        | Noticed a cherub
  4303 | D        | Noticed a daeva
  4303 | D        | Noticed a pearl dragon
  4303 | D        | Noticed an apis
  4303 | D        | Noticed an apis
  4303 | D        | Noticed an apis
  4304 | D        | Found the +2 Maxwell's thermic engine {flame, freeze}
  4305 | D        | Found a transporter.
  4313 | D        | HP: 3/88 [apis (27)]
  4322 | D        | Demolished by an apis

Illustrated notes

Levels and vault maps discovered:
D:        sprint_v [room_start, room_1, room_2, room_3, room_4, room_5, room_6,
          room_7, room_8, room_9, room_10, room_11, room_12, room_13, room_14,
          room_15, room_16, room_17, room_18, room_19, room_20, room_21,
          room_22, room_23, room_24, room_25, room_26, room_27]

Skill      XL: |  1  2  3  4  5  6  7  8  9 10 11 |
---------------+----------------------------------+-----
Axes           | 5 6 8 9 11 16 19 20 | 20.0
Shields        | 5 6 8 9 11 16 19 21 | 21.0
Fighting       | |  2.6
Dodging        | |  3.2
Stealth        | |  2.4
Unarmed Combat | |  2.6

Action                   |  1- 3 |  4- 6 |  7- 9 | 10-12 || total
-------------------------+-------+-------+-------+-------++-------
Melee: Broad axe         |     3 |    10 |    31 |    58 ||   102
 Abil: Heal Wounds       |       |       |     5 |     6 ||    11
  Use: Potion            |     1 |       |     1 |     8 ||    10
Armor: Crystal plate arm |     1 |       |       |       ||     1
       Gold dragon scale |       |     5 |    19 |    44 ||    68
Dodge: Dodged            |       |     1 |     2 |    14 ||    17
Block: Tower shield      |     3 |    12 |    47 |   117 ||   179
       Reflection        |       |       |       |     4 ||     4
